 Dungeon Crawl Stone Soup version 0.29-a0-222-g5b244fca1f (webtiles) character file.

Game seed: 12248855455733772538

3350 NotAphid the Covert (level 10, -1/80 HPs)
             Began as a Naga Transmuter on Feb 27, 2022.
             Was a Believer of Cheibriados.
             Slain by a fire bat (9 damage)
             ... on level 9 of the Dungeon.
             The game lasted 00:19:51 (12878 turns).

NotAphid the Covert (Naga Transmuter)              Turns: 12878, Time: 00:19:51

Health: -1/80      AC:  2    Str: 21    XL:     10   Next: 3%
Magic:  7/13       EV: 21    Int: 21    God:    Cheibriados [**....]
Gold:   407        SH:  0    Dex: 23    Spells: 1/13 levels left

rFire   . . .      SeeInvis +     - Unarmed
rCold   + . .      Faith    .   (shield currently unavailable)
rNeg    . . .      Spirit   .   (body armour currently unavailable)
rPois   x          Reflect  .   (helmet currently unavailable)
rElec   .          Harm     .   (cloak currently unavailable)
rCorr   .          Rampage  .   (gloves currently unavailable)
Will    +....                   (no barding)
Stlth   +++++.....              p - amulet of the acrobat
HPRegen 0.00/turn               c - ring of flight
MPRegen 0.13/turn               z - ring of protection from cold

@: about to teleport, spider-form, flying, inhibited regen, very slow
A: venomous fangs, AC +3, tiny, see invisible, (deformed body), (poison
resistance), (slowness 2), spit poison 1, (naga tail 1), mutation resistance 1,
inhibited regeneration
a: Spit Poison, End Transformation, Renounce Religion, Bend Time


You were on level 9 of the Dungeon.
You worshipped Cheibriados.
Cheibriados was pleased with you.
You were a venomous arachnid creature.
You visited 2 branches of the dungeon, and saw 10 of its levels.
You also visited: Bailey.

You collected 407 gold pieces.

Inventory:

Hand Weapons
 l - a +0 rapier
 n - a +0 dagger of venom (melded)
 D - the +2 hunting sling of Oraa {speed, Dex+2 Stlth+}
   (You found it on level 7 of the Dungeon)

   Attacks with this weapon are significantly faster.
   Dex:       It affects your dexterity (+2).
   Stlth:     It makes you more stealthy.
   Cheibriados disapproves of the use of such an item.
Armour
 a - a +0 robe
 h - a +0 leather armour
 o - a +0 kite shield
 q - a +1 cloak (melded)
 t - the +0 ice dragon scales of the Eternal Fruit {Harm rElec rF- rC++ rN+ MP+9}
   (You found it in a bailey)

   rF:        It makes you vulnerable to fire.
   rC:        It greatly protects you from cold.
   rElec:     It insulates you from electricity.
   rN:        It protects you from negative energy.
   MP:        It affects your magic capacity (+9).
   Harm:      It increases damage dealt and taken.
 v - a scarf of harm
 B - a +1 leather armour of poison resistance (melded)
 E - a +0 helmet (melded)
Magical Staves
 r - a staff of air
Jewellery
 c - a ring of flight (left front leg)
 j - a ring of positive energy
 p - an amulet of the acrobat (around neck)
 z - a ring of protection from cold (right front leg)
 C - a ring of protection from cold
 G - an amulet of Hoqir {Spirit rPois}
   (You found it in a bailey)

   [amulet of guardian spirit]

   It causes incoming damage to be divided between your reserves of health and
   magic.
   rPois:     It protects you from poison.
Wands
 x - a wand of iceblast (13)
Scrolls
 b - a scroll of teleportation
 g - 3 scrolls of identify
 i - a scroll of blinking
 k - 2 scrolls of enchant weapon {unknown}
 u - 3 scrolls of enchant armour
 w - a scroll of fear {unknown}
 y - a scroll of magic mapping
 A - a scroll of vulnerability
Potions
 d - 3 potions of attraction
 e - a potion of haste
 f - a potion of might {unknown}
 m - 2 potions of flight
 s - a potion of magic {unknown}
 F - a potion of invisibility {unknown}
 H - a potion of mutation
 I - a potion of cancellation {unknown}


   Skills:
 - Level 1.9 Fighting
 - Level 4.0 Short Blades
 - Level 3.2 Dodging
 + Level 9.8 Stealth
 + Level 7.0 Unarmed Combat
 - Level 2.0 Spellcasting
 + Level 7.0 Transmutations
 * Level 4.1 Ice Magic
 - Level 4.0 Poison Magic
 - Level 1.3 Invocations


You had one spell level left.
You knew the following spells:

 Your Spells              Type           Power      Damage    Failure   Level
a - Beastly Appendage     Tmut           62%        N/A       4%          1
b - Spider Form           Tmut/Pois      25%        N/A       14%         3
c - Wereblood             Tmut           31%        N/A       6%          2
d - Poisonous Vapours     Pois/Air       20%        N/A       24%         2
e - Ice Form              Ice/Tmut       25%        N/A       34%         4

Your spell library contained the following spells:

 Spells                   Type           Power      Damage    Failure   Level
 Freeze                   Ice            76%        1d9       10%         1
 Animate Skeleton         Necr           4%         N/A       32%         1
 Apportation              Tloc           4%         N/A       32%         1
 Magic Dart               Conj           8%         1d3       32%         1
 Pain                     Necr           8%         1d4       32%         1
 Summon Small Mammal      Summ           8%         N/A       32%         1
 Corpse Rot               Necr/Air       4%         N/A       43%         2
 Searing Ray              Conj           4%         2d4       43%         2
 Vampiric Draining        Necr           2%         2d6       63%         3
 Fulminant Prism          Conj/Hex       1%         3d6       93%         4
 Summon Lightning Spire   Summ/Air       2%         N/A       93%         4
 Metabolic Englaciation   Hex/Ice        5%         N/A       96%         5
 Iskenderun's Battlesphe  Conj           2%         2d6       99%         5
 Iron Shot                Conj/Erth      1%         9d1       100%        6
 Simulacrum               Ice/Necr       5%         N/A       100%        6
 Spellforged Servitor     Conj/Summ      1%         N/A       100%        7


Dungeon Overview and Level Annotations

Branches:
Dungeon (9/15)             Temple (1/1) D:6          Bailey (visited)
   Lair: D:8-11         Orc: D:9-12

Altars:
Cheibriados
Dithmenos
Elyvilon
Hepliaklqana
Makhleb
Ru
Uskayaw
Vehumet
Xom
Yredelemnul
The Shining One

Shops:
D:9 :

Annotations:
D:8 2 transporters, frimble's ghost, novice GnIE
D:9 1 runed translucent door


Innate Abilities, Weirdness & Mutations

You are a venomous arachnid creature.
You have poisonous fangs.
You are tiny and dextrous.
Your spellcasting is less reliable in this form.
Your armour is entirely melded.
You are incapable of wielding weapons or throwing items.
((Your serpentine skin is tough. (AC +3)))
You have supernaturally acute eyesight. (SInv)
((Armour fits poorly on your strangely shaped body.))
((Your system is resistant to poisons. (rPois)))
((You cover ground very slowly.))
You can spit poison.
((You have a snake-like lower body.))
You are somewhat resistant to further mutation.
You do not regenerate when monsters are visible.


Message History

Your +0 dagger of venom melds into your body.
Your +1 cloak melds into your body.
Your +0 helmet melds into your body.
Your +1 leather armour of poison resistance melds into your body.
Your +0 dagger of venom stops dripping with poison.
The fire bat misses you. The fire bat bites you.
* * * LOW HITPOINT WARNING * * *
You are engulfed in flames!
* * * LOW HITPOINT WARNING * * *
You bite the fire bat!
You kill the fire bat!
Cheibriados thoroughly appreciates the change of pace.
The fire bat completely misses you. The fire bat misses you.
Your Unarmed Combat skill increases to level 7!
Your Transmutations skill increases to level 7!
Your Ice Magic skill increases to level 4!
You have reached level 10!
Okay, then.
It was a potion of mutation.
You feel extremely strange.
Your regeneration stops near monsters.
You feel genetically stable. The fire bat closely misses you.
Unknown command.
Unknown command.
As you read the scroll of teleportation, it crumbles to dust.
You feel strangely unstable. The fire bat misses you.
The fire bat completely misses you.
Unknown command.
Unknown command.
You bite the fire bat!
The fire bat is poisoned.
The fire bat is heavily wounded.
The fire bat completely misses you.
You closely miss the fire bat.
The fire bat is severely wounded.
The fire bat misses you.
The fire bat bites you but does no damage. x2
You hit the fire bat.
The fire bat is severely wounded.
The fire bat bites you.
* * * LOW HITPOINT WARNING * * *
You are engulfed in flames!
You die...

***,,,##'##,,,** #..# #.##..≈≈≈≈
**,,_,,#.#,,⌠,,**#### #.###.≈...
***,,,##.##,,,***,** #.# #.≈.))
,**#+##...##+#**,,,* #.# #.≈.>.
,**#.........##*,_,* #.# #.≈≈≈≈
,+#..###+###..#+,,,****### #....[
*#..***,,,*##..##,**,..#* #.#...
*..**,,,,,,,##..###.....*###....#
,.,,+,,,_,,,+...sbW..⌠..*#.....##
*,,**,,,,,,,##..###.)...*#.....#
**,,***,,,**#..##,**,..#*####..#
,+*,,***+**#..#+,,,****#** #..#
,***,,,,,,...#**,_,* *,* #..#
,***+**8,8##+***,,,*****,* #..#
***,,,**+**,,,***,***,,,,* #..#
**,,,,,*,*,,_,,********,,* #..#
***,,,**,**,,,***,,* *,,* #..#


You could see a wraith and a fire bat (very poisoned).

Vanquished Creatures
  A gargoyle (Bailey)
  A vampire (Bailey)
  2 fire bats (D:9)
  Menkaure (D:4)
  An orc warrior (D:8)
  A sky beast (D:7)
  An ice beast (D:5)
  4 ogres
  A centaur (D:7)
  A kobold brigand (D:8)
  A scorpion (D:7)
  5 jellies
  7 vampire bats (Bailey)
  7 wolf zombies (Bailey)
  4 orc priests
  Crazy Yiuf (D:2)
  8 hounds
  A gnoll shaman (D:6)
  An iguana (D:5)
  Natasha (thrice) (D:2)
  4 orc wizards
  8 gnolls
  12 adders
  A white imp (D:6)
  3 worms
  2 dart slugs
  23 orcs
  11 ball pythons
  6 bats
  4 endoplasms
  2 giant cockroaches
  8 goblins
  3 hobgoblins
  3 jackals (D:1)
  A quokka (D:5)
  3 frilled lizards
  11 kobolds
  20 orc zombies (Bailey)
  5 rats
182 creatures vanquished.

Notes
Turn   | Place    | Note
-------+----------+-------------------------------------------
     0 | D:1      | NotAphid the Naga Transmuter began the quest for the Orb.
     0 | D:1      | Reached XP level 1. HP: 18/18 MP: 3/3
   374 | D:1      | Reached XP level 2. HP: 15/25 MP: 3/5
   528 | D:1      | Found a faded altar of an unknown god.
  1234 | D:2      | Reached XP level 3. HP: 14/31 MP: 6/6
  1510 | D:2      | Found a runed translucent door.
  1511 | D:2      | Noticed Crazy Yiuf
  1805 | D:2      | Reached XP level 4. HP: 15/39 MP: 7/7
  2255 | D:2      | Learned a level 3 spell: Spider Form
  2258 | D:2      | Learned a level 2 spell: Wereblood
  2706 | D:2      | Noticed Natasha
  2719 | D:2      | Killed Natasha
  2720 | D:2      | Reached skill level 1 in Stealth
  2720 | D:2      | Reached skill level 1 in Poison Magic
  2720 | D:2      | Reached XP level 5. HP: 17/45 MP: 8/8
  3509 | D:2      | Killed Crazy Yiuf
  3510 | D:2      | Reached skill level 2 in Stealth
  3554 | D:2      | Noticed Natasha
  3565 | D:2      | Killed Natasha
  3629 | D:2      | Noticed Natasha
  3644 | D:2      | Killed Natasha
  3772 | D:3      | Noticed an ogre
  3782 | D:3      | Killed an ogre
  3783 | D:3      | Reached skill level 3 in Stealth
  3783 | D:3      | Reached XP level 6. HP: 52/52 MP: 5/9
  4301 | D:3      | Reached skill level 4 in Stealth
  4398 | D:3      | Reached XP level 7. HP: 55/58 MP: 10/10
  4940 | D:4      | Noticed Menkaure
  4951 | D:4      | Killed Menkaure
  4952 | D:4      | Reached skill level 5 in Unarmed Combat
  5532 | D:4      | Reached skill level 5 in Stealth
  5749 | D:4      | Reached skill level 1 in Short Blades
  6076 | D:5      | Entered Level 5 of the Dungeon
  6340 | D:5      | Reached XP level 8. HP: 31/67 MP: 11/11
  6571 | D:5      | Reached skill level 6 in Stealth
  7089 | D:5      | Reached skill level 5 in Transmutations
  7853 | D:6      | Found a staircase to the Ecumenical Temple.
  7888 | Temple   | Entered the Ecumenical Temple
  8051 | Temple   | Became a worshipper of Cheibriados the Contemplative
  8120 | D:6      | Reached skill level 7 in Stealth
  8561 | D:7      | Found a burning altar of Makhleb.
  8955 | D:7      | Reached XP level 9. HP: 70/73 MP: 8/12
  9010 | D:7      | Identified the +2 hunting sling of Oraa {speed, Dex+2
                  | Stlth+}
  9218 | D:7      | Reached skill level 8 in Stealth
  9612 | D:8      | Reached * piety under Cheibriados
 10051 | D:8      | Found a transporter.
 10054 | D:8      | Noticed frimble's ghost (novice GnIE)
 10058 | D:8      | Noticed a two-headed ogre
 10062 | D:8      | Found a transporter.
 10084 | D:8      | Learned a level 2 spell: Poisonous Vapours
 10429 | D:8      | Noticed a centaur warrior
 10429 | D:8      | Found the +8 Vampire's Tooth {vamp}
 10439 | D:8      | Noticed an eight-headed hydra
 10446 | D:8      | Noticed a tengu conjurer
 10489 | D:9      | Found a flagged portal.
 10514 | Bailey   | Entered a bailey
 10548 | Bailey   | Reached skill level 1 in Invocations
 10572 | Bailey   | Learned a level 4 spell: Ice Form
 11315 | Bailey   | Reached skill level 1 in Ice Magic
 11645 | Bailey   | Reached ** piety under Cheibriados
 11667 | Bailey   | Identified the +0 ice dragon scales of the Eternal Fruit
                  | {Harm rElec rF- rC++ rN+ MP+9}
 11696 | Bailey   | Noticed a gargoyle
 11703 | Bailey   | Killed a gargoyle
 11704 | Bailey   | Reached skill level 9 in Stealth
 11950 | Bailey   | Identified an amulet of Hoqir {Spirit rPois}
 11958 | Bailey   | Identified the +4 scale mail of Yfrir {Int+3}
 12351 | Bailey   | Got the Collected Works on the Creative Frostbite
 12765 | D:9      | Found Hiarir's Book Shop.
 12852 | D:9      | Found a runed translucent door.
 12874 | D:9      | Reached XP level 10. HP: 10/80 MP: 7/13
 12874 | D:9      | Gained mutation: You do not regenerate when monsters are
                  | visible. [potion of mutation]
 12874 | D:9      | Gained mutation: You are somewhat resistant to further
                  | mutation. [potion of mutation]
 12878 | D:9      | Slain by a fire bat

Illustrated notes

Levels and vault maps discovered:
D:1:      dpeg_arrival_solitude, layout_loops_corners,
          shapermc_ecumenical_altar_flowoftime
D:2:      layout_loops_cross, minmay_misc_feat_chi, minmay_misc_feat_five,
          minmay_snake_closets, uniq_crazy_yiuf_cottage, uniq_natasha
D:3:      layout_loops_ring
D:4:      layout_loops_ring, eino_tiny_chamber, uniq_menkaure
D:5:      layout_loops_corners
D:6:      layout_rooms, minmay_temple_entry_sparse_star
D:7:      layout_gridville, mainiacjoe_overflow_concentric_impassable
D:8:      layout_basic, lair_entry_dummy, special_room [special_room_orc],
          gammafunk_ghost_arena, minmay_radiant
D:9:      due_megacathedral, layout_long_grid, enter_bailey_5, serial_shops,
          nicolae_lakefront_shop, uniq_psyche
Temple:   nicolae_temple_the_god_donut

Skill      XL: |  1  2  3  4  5  6  7  8  9 |
---------------+----------------------------+-----
Dodging        | 2 3 |  3.2
Unarmed Combat | 4 5 7 |  7.0
Stealth        | 1 3 4 5 7 9 |  9.8
Poison Magic   | 1 2 3 4 |  4.0
Transmutations | 3 4 5 7 |  7.0
Short Blades   | 2 4 |  4.0
Invocations    | 1 |  1.3
Ice Magic      | 4 |  4.1
Fighting       | |  1.9
Spellcasting   | |  2.0

Action                   |  1- 3 |  4- 6 |  7- 9 | 10-12 || total
-------------------------+-------+-------+-------+-------++-------
Melee: Unarmed           |    38 |     9 |   265 |     3 ||   315
       Headbutt          |     9 |     2 |       |       ||    11
       Punch             |     1 |     8 |    14 |       ||    23
       Rapier            |    21 |       |       |       ||    21
       Dagger            |    14 |   145 |   271 |       ||   430
 Cast: Beastly Appendage |     9 |     1 |       |       ||    10
       Spider Form       |       |     3 |    24 |       ||    27
       Wereblood         |       |       |     2 |       ||     2
       Ice Form          |       |       |     5 |       ||     5
 Abil: Spit Poison       |     2 |     8 |     3 |       ||    13
Evoke: Wand              |       |       |     5 |       ||     5
  Use: Potion            |     1 |     2 |     1 |     1 ||     5
       Scroll            |       |       |    13 |     1 ||    14
 Stab: Sleeping          |       |     2 |    17 |       ||    19
Armor: Robe              |     6 |       |       |       ||     6
       Leather armour    |     9 |    31 |    85 |       ||   125
       Skin              |       |       |    25 |     2 ||    27
Dodge: Dodged            |    40 |    58 |   517 |     5 ||   620

Table legend: (Time is in decaauts)
 A = Elapsed time spent in this place.
 B = Non-inter-level travel time spent in this place.
 C = Inter-level travel time spent in this place.
 D = Time resting spent in this place.
 E = Time spent auto-exploring this place.
 F = Levels seen in this place.
 G = Mean time per level.
                   A        B        C        D        E       F      G
               +--------+--------+--------+--------+--------+-----+--------+
         Total |  16080 |  15568 |    512 |   1544 |  11442 |  11 | 1461.8 |
       Dungeon |  13436 |  12943 |    493 |      2 |  11226 |   9 | 1492.9 |
        Temple |    189 |    170 |     19 |      0 |    158 |   1 |  189.0 |
        Bailey |   2454 |   2454 |      0 |   1542 |     57 |   1 | 2454.0 |
               +--------+--------+--------+--------+--------+-----+--------+

Top non-repeatable levels by time:
     D:2: 2806 daAuts
  Bailey: 2454 daAuts
     D:5: 1658 daAuts
     D:3: 1552 daAuts
     D:1: 1545 daAuts
     D:7: 1509 daAuts
     D:4: 1424 daAuts
     D:8: 1286 daAuts
     D:6: 1201 daAuts
     D:9: 451 daAuts
  Temple: 189 daAuts
